 Dungeon Crawl Stone Soup version 0.20-a0-16-g0876c8e (webtiles) character file.

7509 kae the Fencer (level 10, -19/57 (60) HPs)
             Began as a High Elf Gladiator on Nov 4, 2016.
             Was a Believer of Dithmenos.
             Demolished by a large slime creature (24 damage)
             ... on level 9 of the Dungeon.
             The game lasted 00:19:15 (13924 turns).

kae the Fencer (High Elf Gladiator)                Turns: 13924, Time: 00:19:16

HP:   -19/57 (60)   AC: 11    Str: 19    XL:     10   Next: 95%
MP:   11/11         EV: 11    Int: 12    God:    Dithmenos [**....]
Gold: 593           SH:  5    Dex: 24    Spells: 0 memorised, 9 levels left

rFire  + + .     SeeInvis .     a - +1 long sword
rCold  x . .     Gourm    .     q - +0 fire dragon scales
rNeg   . . .     Faith    .     o - +0 buckler
rPois  .         Spirit   .     c - +1 helmet
rElec  .         Reflect  .     D - +0 cloak
rCorr  .         Harm     .     (no gloves)
MR     +....                    (no boots)
Stlth  ..........               (no amulet)
                                n - +5 ring of strength
                                l - +4 ring of dexterity

@: wreathed by umbra
A: no striking features
a: Shadow Step, Renounce Religion


You were on level 9 of the Dungeon.
You worshipped Dithmenos.
Dithmenos was pleased with you.
You were not hungry.

You visited 2 branches of the dungeon, and saw 10 of its levels.

You collected 593 gold pieces.

Inventory:

Hand Weapons
 a - a +1 long sword (weapon)
 x - a +2 flail of protection
Missiles
 d - 4 throwing nets (quivered)
Armour
 b - a +0 leather armour
 c - a +1 helmet (worn)
 o - a +0 buckler (worn)
 q - +0 fire dragon scales (worn)
 D - a +0 cloak (worn)
Jewellery
 j - an uncursed ring of magical power {unknown}
 l - a +4 ring of dexterity (left hand)
 n - a +5 ring of strength (right hand)
 y - an uncursed ring of stealth
Wands
 h - a wand of digging (3/24)
 u - a wand of teleportation (0/9)
Scrolls
 e - a scroll of remove curse
 k - 2 scrolls of enchant weapon
 m - a scroll of magic mapping
 s - 4 scrolls of identify
 t - a scroll of recharging
 v - 2 scrolls of enchant armour
Potions
 i - a potion of cure mutation
 w - a potion of ambrosia
 z - a potion of cancellation
 A - 2 potions of agility
Comestibles
 f - 9 bread rations
 g - 3 meat rations
 p - 8 beef jerkies


   Skills:
 - Level 2.0 Fighting
 + Level 18.6 Long Blades
 - Level 2.0 Throwing
 - Level 3.2 Dodging


You had 9 spell levels left.
You didn't know any spells.

Dungeon Overview and Level Annotations

Branches:
Dungeon (9/15)             Temple (1/1) D:6
   Lair: D:8-11         Orc: D:9-12

Altars:
Dithmenos
Elyvilon
Fedhas
Gozag
Hepliaklqana
Kikubaaqudgha
Makhleb
Nemelex Xobeh
Okawaru
Qazlal
Sif Muna
Trog
Uskayaw
Vehumet
Xom
Yredelemnul
Zin
The Shining One

Annotations:
D:3 Sigmund


Message History

The large slime creature hits you!!
Ouch! That really hurt!
* * * LOW HITPOINT WARNING * * *
You are too injured to fight recklessly!
You slash the large slime creature!
The large slime creature is heavily wounded.
Unknown command.
Unknown command.
Unknown command.
The large slime creature hits you!
* * * LOW HITPOINT WARNING * * *
Okay, then.
Unknown command.
Evoke which item? (* to show all) (? for menu, Esc to quit)
Okay, then.
You slash the large slime creature!
The large slime creature is heavily wounded.
Okay, then.
The large slime creature hits you!!
You die...

#..# #.### #..#
#...# #..# #...#
#..#######...#
#............#
#.........†..#
#............#
#####..........J.#
................@#
..>..............#
.................#
#######'##.....###
.........#.....#
.........#.....#
.........#.....# ..
.........+...<.#...
.........##+####...


You could see a large slime creature.

Vanquished Creatures
  Pikel (D:5)
  A slime creature (D:8)
  A hippogriff (D:7)
  Grum (D:8)
  10 yaks
  Menkaure (D:5)
  Edmund (D:4)
  4 sky beasts
  A hornet zombie (D:8)
  A slave (D:5)
  2 orc warriors (D:5)
  2 ice beasts
  A phantom (D:5)
  A black bear (D:7)
  3 wolves
  4 necrophages (D:8)
  3 centaurs
  6 ogres
  A crocodile (D:8)
  8 bullfrogs
  2 scorpions
  8 killer bees
  A crimson imp (D:5)
  A quasit (D:5)
  5 jellies
  4 centaur skeletons
  An orc priest (D:6)
  4 centaur zombies
  6 hounds
  5 orc wizards
  3 bullfrog skeletons
  3 iguanas
  7 worker ants
  A hound zombie (D:5)
  A hound skeleton (D:4)
  3 gnolls (D:5)
  14 adders
  4 shadow imps
  2 oozes
  2 adder zombies
  An adder skeleton (D:6)
  3 worms
  A dart slug (D:2)
  5 leopard geckos
  29 orcs
  12 bats
  8 giant cockroaches
  16 hobgoblins
  3 jackals (D:4)
  4 quokkas
  2 ball pythons (D:3)
  9 frilled lizards
  13 goblins
  8 kobolds
  2 leopard gecko skeletons
  9 rats
  A bush (D:8)
256 creatures vanquished.

Vanquished Creatures (others)
  A slave (D:5)
  2 centaurs (D:5)
  A scorpion (D:5)
  A jackal zombie (D:5)
  6 plants (D:8)
11 creatures vanquished.

Grand Total: 267 creatures vanquished

Notes
Turn   | Place    | Note
-------+----------+-------------------------------------------
     0 | D:1      | kae the High Elf Gladiator began the quest for the Orb.
     0 | D:1      | Reached XP level 1. HP: 14/14 MP: 2/2
    25 | D:1      | Reached skill level 4 in Long Blades
   202 | D:1      | Reached XP level 2. HP: 18/19 MP: 3/3
   528 | D:1      | Reached skill level 5 in Long Blades
   789 | D:2      | Reached XP level 3. HP: 24/24 MP: 4/4
  1152 | D:2      | Reached skill level 6 in Long Blades
  1152 | D:2      | Reached XP level 4. HP: 25/29 MP: 5/5
  1882 | D:3      | Noticed Sigmund
  2053 | D:3      | Found an opulent altar of Gozag.
  2440 | D:3      | Reached XP level 5. HP: 27/34 MP: 6/6
  2441 | D:3      | Reached skill level 7 in Long Blades
  3088 | D:4      | Found a hazy altar of Hepliaklqana.
  3089 | D:4      | Noticed an ogre
  3370 | D:4      | Noticed an ogre
  3831 | D:4      | Noticed Edmund
  3863 | D:4      | Killed Edmund
  3863 | D:4      | Reached skill level 8 in Long Blades
  3863 | D:4      | Reached XP level 6. HP: 13/39 MP: 7/7
  4141 | D:4      | Reached skill level 9 in Long Blades
  4572 | D:4      | Reached XP level 7. HP: 25/45 MP: 8/8
  4715 | D:5      | Entered Level 5 of the Dungeon
  4746 | D:5      | Reached skill level 10 in Long Blades
  5106 | D:5      | Noticed Menkaure
  5115 | D:5      | Killed Menkaure
  5320 | D:5      | Reached skill level 11 in Long Blades
  5520 | D:5      | Reached XP level 8. HP: 50/50 MP: 9/9
  5606 | D:5      | Noticed Pikel
  5623 | D:5      | Killed Pikel
  5623 | D:5      | Reached skill level 12 in Long Blades
  5881 | D:5      | Reached skill level 13 in Long Blades
  6712 | D:6      | Found a stormy altar of Qazlal.
  6799 | D:6      | Reached XP level 9. HP: 45/54 MP: 10/10
  6839 | D:6      | Found a staircase to the Ecumenical Temple.
  6855 | Temple   | Entered the Ecumenical Temple
  6859 | Temple   | Became a worshipper of Dithmenos the Shadowed
  6928 | D:6      | Reached skill level 14 in Long Blades
  8155 | D:4      | Reached skill level 15 in Long Blades
  8603 | D:6      | Reached * piety under Dithmenos
  8619 | D:6      | Reached skill level 16 in Long Blades
  8922 | D:7      | Found a glowing golden altar of the Shining One.
  8969 | D:7      | Found a sparkling altar of Nemelex Xobeh.
  9195 | D:7      | Reached XP level 10. HP: 51/60 MP: 11/11
 10507 | D:7      | Reached skill level 17 in Long Blades
 10617 | D:8      | Noticed Grum
 10737 | D:8      | HP: 3/60 [crocodile (1)]
 11463 | D:8      | Found a hazy altar of Hepliaklqana.
 11526 | D:8      | Killed Grum
 11526 | D:8      | Found a white marble altar of Elyvilon.
 11526 | D:8      | Found a glowing silver altar of Zin.
 11526 | D:8      | Found a radiant altar of Vehumet.
 12019 | D:8      | Found a blossoming altar of Fedhas.
 12789 | D:8      | Reached ** piety under Dithmenos
 12812 | D:8      | Reached skill level 18 in Long Blades
 13924 | D:9      | Demolished by a large slime creature

Vault maps used:
D:1:      onia_arrival_mini_spirals, minivault_23, roderic_roman_lattice
D:3:      marbit_many_paths, first_bread, uniq_sigmund
D:4:      old_standard_altar, solitary_fountain, uniq_edmund
D:5:      kennysheep_windowed_halls, uniq_menkaure, uniq_pikel
D:6:      lemuel_doored_altar, grunt_potential
D:7:      lemuel_coloured_pillars_altar, kennysheep_mini, grunt_ogre_cave
D:8:      fedhas_altar_decomposition, gammafunk_temple_overflow_forgotten,
          enter_bailey_3, basic_altar, minmay_strange_pillars, uniq_grum
D:9:      fountainhead
Temple:   nicolae_temple_x_marks_the_god

Skill      XL: |  1  2  3  4  5  6  7  8  9 10 |
---------------+-------------------------------+-----
Long Blades    | 4 5 6 8 9 11 13 16 18 | 18.6
Fighting       | |  2.0
Throwing       | |  2.0
Dodging        | |  3.2

Action                   |  1- 3 |  4- 6 |  7- 9 | 10-12 || total
-------------------------+-------+-------+-------+-------++-------
Melee: Long sword        |   121 |   213 |   393 |   389 ||  1116
Evoke: Wand              |       |       |       |     1 ||     1
  Use: Scroll            |       |    10 |     5 |     6 ||    21
       Potion            |       |     6 |     4 |     3 ||    13
 Stab: Sleeping          |       |     6 |     1 |     1 ||     8
       Distracted        |       |     1 |     1 |       ||     2
  Eat: Chunk             |     1 |    11 |    14 |     5 ||    31
       Pizza             |       |       |     1 |       ||     1
       Meat ration       |       |       |       |     2 ||     2
Armor: Leather armour    |    42 |    42 |    61 |    34 ||   179
       Fire dragon scale |       |       |       |    29 ||    29
Dodge: Dodged            |    84 |   161 |   180 |   180 ||   605
Block: Buckler           |       |       |    47 |    75 ||   122
       Rpst.: Long sword |    26 |    54 |    50 |    58 ||   188
